 Dungeon Crawl Stone Soup version 0.30-a0-169-g06f667207d (webtiles) character file.

Game seed: 2018352585190135060

1958 qw the Cleaver (level 9, -2/54 HPs)
             Began as a Gargoyle Fighter on Sept 29, 2022.
             Slain by Pikel
             ... wielding a +2 whip of flaming
              (3 damage)
             ... on level 7 of the Dungeon.
             The game lasted 00:02:00 (6104 turns).

qw the Cleaver (Gargoyle Fighter)                   Turns: 6104, Time: 00:02:01

Health: -2/54      AC: 27    Str: 25    XL:     9   Next: 19%
Magic:  9/9        EV:  4    Int:  8    God:
Gold:   418        SH:  4    Dex:  9    Spells: 8/8 levels left

rFire   . . .      SeeInvis .    s - +0 war axe (vamp)
rCold   . . .      Faith    .    c - +0 buckler
rNeg    + . .      Spirit   .    q - +0 crystal plate armour
rPois   inf        Reflect  .    t - +0 helmet
rElec   +          Harm     .    (no cloak)
rCorr   .          Rampage  .    (no gloves)
Will    +....                    p - +0 pair of boots
Stlth   ..........               (no amulet)
HPRegen 0.18/turn                i - ring of willpower
MPRegen 0.11/turn                (no ring)

@: no status effects
A: sickness immunity, AC +6, negative energy resistance 1, electricity
resistance, torment resistance 1, petrification resistance, MP-powered wands
a: no special abilities


You were on level 7 of the Dungeon.
You visited 1 branch of the dungeon, and saw 7 of its levels.

You collected 508 gold pieces.
You spent 90 gold pieces at shops.


Innate Abilities, Weirdness & Mutations

You are immune to sickness and miasma.
Your stone body is resilient. (AC +6)
You are immune to poison.
You resist negative energy. (rN+)
You are resistant to electric shocks. (rElec)
You are resistant to unholy torment.
You are immune to petrification.
You expend magic power (3 MP) to strengthen your wands.


   Skills:
 + Level 5.5 Fighting
 - Level 8.1 Axes
 - Level 2.0 Throwing
 - Level 7.2 Armour
 - Level 1.2 Dodging
 - Level 3.2 Shields


You had 8 spell levels left.
You didn't know any spells.
Your spell library was empty.

Inventory:

Hand Weapons
 r - a +2 war axe of freezing
 s - a +0 vampiric war axe (weapon)
 u - a +1 whip of holy wrath
Missiles
 e - a boomerang (quivered)
Armour
 c - a +0 buckler (worn)
 n - the +0 robe of Vehumet's Envy {Drain Will- Regen+ rCorr}
   (You found it on level 3 of the Dungeon)

   Regen:     It increases your rate of health regeneration.
   rCorr:     It protects you from acid and corrosion.
   Drain:     It drains your maximum health when unequipped.
   Will:      It decreases your willpower.
 p - a +0 pair of boots (worn)
 q - a +0 crystal plate armour (worn)
 t - a +0 helmet (worn)
Jewellery
 i - a ring of willpower (left hand)
 l - a ring of fire
Scrolls
 j - a scroll of identify
Potions
 d - a potion of might
 g - 2 potions of mutation
 k - 4 potions of attraction
 o - 4 potions of curing
 w - a potion of cancellation

Dungeon Overview and Level Annotations

Branches:
Dungeon (7/15)
 Temple: D:4-7

Altars:
Elyvilon
Makhleb
Zin

Shops:
D:1 [[

Annotations:
D:7 Dowan, Duvessa, Pikel


Message History

You kill the lemure!
That felt strangely unrewarding.
You barely miss the orc. You closely miss Pikel.
The orc hits you but does no damage. Pikel barely misses you.
Duvessa completely misses you.
You hit Pikel but do no damage.
Pikel is heavily wounded.
You slash the orc!
You kill the orc!
You barely miss Duvessa. Duvessa hits you but does no damage.
Pikel barely misses you. Duvessa barely misses you.
You closely miss Pikel.
Pikel is heavily wounded.
You slash the orc priest!
You feel better.
You kill the orc priest!
You hit Duvessa.
You feel better.
Pikel says, "You'll rust in Dis!"
Pikel hits you but does no damage.
The orc wizard mumbles some strange words.
The orc wizard flickers and vanishes!
Duvessa hits you but does no damage. You block Pikel's attack.
You closely miss Pikel.
Pikel is heavily wounded.
You barely miss Duvessa.
Duvessa hits you but does no damage. x2; Pikel hits you but does no damage.
You hit Pikel.
You feel better.
Pikel is severely wounded.
You hit Duvessa but do no damage. Duvessa hits you but does no damage.
Pikel hits you with a +2 whip of flaming!
Pikel burns you. Duvessa hits you but does no damage.
You slash Pikel!
Pikel is almost dead.
You hit Duvessa. Duvessa completely misses you.
Dowan mumbles some strange words.
Dowan blinks!
Pikel hits you with a +2 whip of flaming.
You die...

##.#.######.
#########.###.##
#....^...#####.# .
...####.....##.e##
.. #..........#.#
#.....#.ยค....#
#..........###
#....)e##.####.
#.....@K{5.>...
..#######5##..).
..# #.<.. . .#
#...# #..# ..# .#
#


You could see Pikel, Duvessa (fast), a lemure, Dowan and a shadow imp.

Vanquished Creatures
  Sigmund (D:6)
  A steam dragon (D:5)
  A water moccasin (D:5)
  An orc warrior (D:5)
  A black bear (D:5)
  2 ogres
  A centaur (D:6)
  2 phantoms (D:5)
  A lemure (D:7)
  A bullfrog (D:6)
  A necrophage (D:6)
  3 scorpions (D:5)
  A howler monkey (D:4)
  6 hounds
  A jelly (D:4)
  A gnoll bouda (D:7)
  An orc priest (D:7)
  5 iguanas (D:5)
  2 orc wizards (D:5)
  3 gnolls (D:7)
  7 adders
  2 shadow imps (D:5)
  An ufetubus (D:5)
  4 dart slugs
  11 orcs
  5 ball pythons
  4 endoplasms
  3 giant cockroaches
  3 goblins
  4 hobgoblins
  4 jackals (D:1)
  2 quokkas
  4 bats
  A frilled lizard (D:1)
  6 kobolds
  A rat (D:1)
98 creatures vanquished.

Notes
Turn   | Place    | Note
-------+----------+-------------------------------------------
     0 | D:1      | qw the Gargoyle Fighter began the quest for the Orb.
     0 | D:1      | Reached XP level 1. HP: 14/14 MP: 1/1
     0 | D:1      | 0 ||| qw: Version: 0.2-a-12-gaebbb33
     0 | D:1      | 0 ||| qw: Game counter: 1322
     0 | D:1      | 0 ||| qw: Always use a shield: true
     0 | D:1      | 0 ||| qw: God list: Okawaru
     0 | D:1      | 0 ||| qw: Allow faded altars: false
     0 | D:1      | 0 ||| qw: Do Orc after D:15 true
     0 | D:1      | 0 ||| qw: Do second Lair branch before Depths: true
     0 | D:1      | 0 ||| qw: Lair rune preference: random
     0 | D:1      | 0 ||| qw: Plans: Normal, Zot:1-4, God:TSO, Crypt, Tomb,
                  | Pan, Slime:5, Hells, Abyss, Orb
     0 | D:1      | 0 ||| PLANNING D:1-11
    32 | D:1      | Reached skill level 2 in Axes
   205 | D:1      | 205 ||| Stepping ~*~*~tactically~*~*~ (stealth).
   210 | D:1      | Reached XP level 2. HP: 19/19 MP: 2/2
   225 | D:1      | 225 ||| Stepping ~*~*~tactically~*~*~ (stealth).
   260 | D:1      | 260 ||| Stepping ~*~*~tactically~*~*~ (hiding).
   465 | D:1      | Reached skill level 3 in Axes
   509 | D:1      | Reached XP level 3. HP: 23/23 MP: 3/3
   512 | D:1      | Found Xyhy's Armour Emporium.
   535 | D:1      | 535 ||| SHOPLISTING +1 leather armour of cold resistance
                  | (196 gold, have 116).
   535 | D:1      | 535 ||| SHOPLISTING +2 hat of stealth (294 gold, have 116).
   535 | D:1      | 535 ||| SHOPLISTING +2 plate armour of poison resistance
                  | (518 gold, have 116).
   874 | D:1      | Found Vilaru's Antique Armour Boutique.
   882 | D:1      | 882 ||| SHOPLISTING glowing plate armour (520 gold, have
                  | 124).
   882 | D:1      | 882 ||| BUYING pair of boots (90 gold).
   882 | D:1      | Bought a pair of boots for 90 gold pieces
  1166 | D:1      | 1166 ||| UPGRADING to +0 pair of boots.
  1171 | D:1      | 1171 ||| READING 2 scrolls labelled PAD SEIJ UQE.
  1172 | D:1      | 1172 ||| READING scroll labelled HEUSKA ICUHOD.
  1173 | D:1      | 1173 ||| READING scroll labelled QIRAEVI KAUSO.
  1174 | D:1      | 1174 ||| READING scroll labelled CAMAUR FAPRU.
  1175 | D:1      | 1175 ||| DRINKING 2 pink potions.
  1280 | D:1      | 1280 ||| DRINKING 2 coppery potions.
  1281 | D:1      | 1281 ||| DRINKING 2 fizzy ruby potions.
  1282 | D:1      | 1282 ||| DROPPING scroll of immolation.
  1283 | D:1      | 1283 ||| DROPPING potion of berserk rage.
  1301 | D:2      | Found a faded altar of an unknown god.
  1312 | D:2      | 1312 ||| DROPPING +0 club.
  1334 | D:2      | 1334 ||| Stepping ~*~*~tactically~*~*~ (stealth).
  1335 | D:2      | 1335 ||| Stepping ~*~*~tactically~*~*~ (stealth).
  1889 | D:2      | 1889 ||| UPGRADING to ring of willpower.
  1890 | D:2      | 1890 ||| READING scroll labelled IREISOM VUEQAI.
  1891 | D:2      | 1891 ||| DRINKING 2 amethyst potions.
  1891 | D:2      | Gained mutation: You expend magic power (3 MP) to
                  | strengthen your wands. [potion of mutation]
  1892 | D:2      | 1892 ||| READING 2 scrolls of identify.
  1892 | D:2      | 1892 ||| IDENTIFYING purple potion
  1893 | D:2      | 1893 ||| DROPPING potion of flight.
  2124 | D:3      | Found a faded altar of an unknown god.
  2129 | D:3      | Found a white marble altar of Elyvilon.
  2355 | D:3      | Identified the +0 robe of Vehumet's Envy {Drain Will-
                  | Regen+ rCorr}
  2571 | D:3      | 2571 ||| UPGRADING to +0 chain mail.
  2581 | D:3      | 2581 ||| DROPPING +0 scale mail.
  2582 | D:3      | 2582 ||| READING scroll labelled GOPEID VUBA.
  2583 | D:3      | 2583 ||| DRINKING 2 black potions.
  2666 | D:4      | Reached skill level 4 in Axes
  2666 | D:4      | Reached XP level 4. HP: 28/28 MP: 4/4
  2813 | D:4      | 2813 ||| Stepping ~*~*~tactically~*~*~ (stealth).
  2816 | D:4      | Found a burning altar of Makhleb.
  2829 | D:4      | Reached XP level 5. HP: 29/32 MP: 5/5
  2909 | D:4      | Found a glowing silver altar of Zin.
  2944 | D:4      | 2944 ||| DROPPING +0 whip.
  3201 | D:4      | 3201 ||| UPGRADING to +0 crystal plate armour.
  3211 | D:4      | 3211 ||| DROPPING +0 chain mail.
  3212 | D:4      | 3212 ||| UPGRADING to +0 helmet.
  3217 | D:4      | 3217 ||| READING scroll labelled LIENOU LEANG.
  3218 | D:4      | 3218 ||| READING 2 scrolls labelled ANIZAWN ANOAPT.
  3221 | D:4      | 3221 ||| READING scroll labelled KIRAGO HUTEYSH.
  3222 | D:4      | 3222 ||| READING scroll labelled PIATHE ZACZIVITU.
  3223 | D:4      | 3223 ||| READING 4 scrolls of identify.
  3223 | D:4      | 3223 ||| IDENTIFYING smoky black potion
  3224 | D:4      | 3224 ||| READING 3 scrolls of identify.
  3224 | D:4      | 3224 ||| IDENTIFYING metallic white potion
  3225 | D:4      | 3225 ||| DROPPING potion of magic.
  3226 | D:4      | 3226 ||| DROPPING potion of invisibility.
  3239 | D:4      | 3239 ||| STAIRDANCE
  3243 | D:4      | 3243 ||| STAIRDANCE
  3247 | D:4      | 3247 ||| STAIRDANCE
  3251 | D:4      | 3251 ||| STAIRDANCE
  3255 | D:4      | 3255 ||| STAIRDANCE
  3259 | D:4      | 3259 ||| STAIRDANCE
  3263 | D:4      | 3263 ||| STAIRDANCE
  3267 | D:4      | 3267 ||| STAIRDANCE
  3271 | D:4      | 3271 ||| STAIRDANCE
  3275 | D:4      | 3275 ||| STAIRDANCE
  3279 | D:4      | 3279 ||| STAIRDANCE
  3283 | D:4      | 3283 ||| STAIRDANCE
  3287 | D:4      | 3287 ||| STAIRDANCE
  3291 | D:4      | 3291 ||| STAIRDANCE
  3295 | D:4      | 3295 ||| STAIRDANCE
  3299 | D:4      | 3299 ||| STAIRDANCE
  3303 | D:4      | 3303 ||| STAIRDANCE
  3307 | D:4      | 3307 ||| STAIRDANCE
  3311 | D:4      | 3311 ||| STAIRDANCE
  3315 | D:4      | 3315 ||| STAIRDANCE
  3351 | D:5      | Entered Level 5 of the Dungeon
  3361 | D:5      | 3361 ||| STAIRDANCE
  3526 | D:5      | Reached skill level 5 in Axes
  3526 | D:5      | Reached XP level 6. HP: 37/37 MP: 6/6
  3528 | D:5      | 3528 ||| Stepping ~*~*~tactically~*~*~ (stealth).
  3529 | D:5      | 3529 ||| Stepping ~*~*~tactically~*~*~ (stealth).
  3667 | D:5      | 3667 ||| Stepping ~*~*~tactically~*~*~ (hiding).
  3669 | D:5      | 3669 ||| Stepping ~*~*~tactically~*~*~ (hiding).
  3899 | D:5      | Noticed a water moccasin
  3909 | D:5      | Killed a water moccasin
  3986 | D:5      | Noticed a black bear
  3995 | D:5      | Killed a black bear
  3996 | D:5      | Reached XP level 7. HP: 43/43 MP: 7/7
  4004 | D:5      | Reached skill level 6 in Axes
  4021 | D:5      | Reached skill level 6 in Armour
  4031 | D:5      | Noticed a steam dragon
  4033 | D:5      | 4033 ||| Stepping ~*~*~tactically~*~*~ (hiding).
  4043 | D:5      | HP: 10/43 [steam dragon/ball of steam (15)]
  4044 | D:5      | 4044 ||| READING scroll of teleportation.
  4044 | D:5      | HP: 3/43 [steam dragon] (7)]
  4045 | D:5      | 4045 ||| DRINKING 2 potions of heal wounds.
  4386 | D:5      | Reached XP level 8. HP: 46/48 MP: 8/8
  4414 | D:5      | 4414 ||| Stepping ~*~*~tactically~*~*~ (stealth).
  4430 | D:5      | Reached skill level 7 in Axes
  4447 | D:5      | HP: 11/48 [steam dragon/ball of steam (20)]
  4448 | D:5      | 4448 ||| READING scroll of teleportation.
  4449 | D:5      | 4449 ||| DRINKING potion of heal wounds.
  4572 | D:5      | 4572 ||| DROPPING amulet of magic regeneration.
  4573 | D:5      | 4573 ||| READING scroll labelled VENO UJUSALAT.
  4574 | D:5      | 4574 ||| READING scroll labelled OTOPPI AJUOSYMAU.
  4575 | D:5      | 4575 ||| READING scroll labelled JIL NOKHUZESCH.
  4576 | D:5      | 4576 ||| READING 2 scrolls of identify.
  4576 | D:5      | 4576 ||| IDENTIFYING murky sapphire potion
  4577 | D:5      | 4577 ||| DROPPING potion of degeneration.
  4612 | D:6      | 4612 ||| STAIRDANCE
  4618 | D:6      | 4618 ||| STAIRDANCE
  4623 | D:5      | HP: 6/49 [ogre/+0 giant club (11)]
  4887 | D:6      | 4887 ||| STAIRDANCE
  4942 | D:6      | Identified the +1 robe "Jocleomm" {rPois rN+ Str+7 Stlth-}
  4947 | D:6      | 4947 ||| Stepping ~*~*~tactically~*~*~ (stealth).
  5070 | D:6      | Reached skill level 8 in Axes
  5316 | D:6      | Noticed Sigmund
  5358 | D:6      | Killed Sigmund
  5359 | D:6      | Reached XP level 9. HP: 43/54 MP: 9/9
  5490 | D:6      | Reached skill level 1 in Dodging
  5680 | D:6      | You fall into a shaft and drop 1 floor!
  5687 | D:7      | 5687 ||| Stepping ~*~*~tactically~*~*~ (hiding).
  5901 | D:7      | 5901 ||| READING 3 scrolls labelled DOUKUSIANU.
  5962 | D:7      | 5962 ||| READING 3 scrolls of identify.
  5962 | D:7      | 5962 ||| IDENTIFYING white potion
  5963 | D:7      | 5963 ||| READING 2 scrolls of identify.
  5963 | D:7      | 5963 ||| IDENTIFYING bubbling emerald potion
  5964 | D:7      | 5964 ||| DROPPING potion of ambrosia.
  5965 | D:7      | 5965 ||| DROPPING 2 scrolls of torment.
  6082 | D:7      | Noticed Pikel
  6086 | D:7      | 6086 ||| Stepping ~*~*~tactically~*~*~ (stealth).
  6092 | D:7      | Noticed Duvessa
  6095 | D:7      | Noticed Dowan
  6097 | D:7      | HP: 13/54 [Pikel/+2 whip of flaming (5)]
  6098 | D:7      | HP: 3/54 [Pikel/+2 whip of flaming (4)]
  6103 | D:7      | HP: 7/54 [Pikel/+2 whip of flaming (11)]
  6103 | D:7      | HP: 1/54 [Pikel/+2 whip of flaming (6)]
  6104 | D:7      | Slain by Pikel

Levels and vault maps discovered:
D:1:      minmay_arrival_split_and_join, layout_basic, serial_shops, shop_coins,
          shop
D:2:      layout_loops_ring, ebering_ecumenical_altar_mist, minmay_ruptured
D:3:      layout_basic, nicolae_overflow_ecumenical_swirl
D:4:      layout_rooms, mainiacjoe_overflow_brackets,
          nicolae_overflow_crystal_walls, dk_vineyard_1
D:5:      minmay_chambers_of_threes, layout_basic, mrwooster_statue_mirror
D:6:      layout_basic, uniq_sigmund
D:7:      layout_loops_ring, nicolae_ru_awakened_eye,
          worldfamousw_hep_ancestral_shrine, minmay_temple_entry_arrows,
          serial_aquarium, aquarium_bridge_square [aquarium_subvault_window,
          aquarium_subvault_wall, aquarium_subvault_bridge,
          aquarium_subvault_bridge], aquarium_window_2, aquarium_window_2,
          aquarium_window_2, aquarium_window_1, aquarium_view_2a, uniq_pikel,
          uniq_maggie, uniq_duvessa

Skill      XL: |  1  2  3  4  5  6  7  8  9 |
---------------+----------------------------+-----
Axes           | 2 3 4 5 6 8 |  8.1
Armour         | 4 5 6 7 |  7.2
Fighting       | 4 5 |  5.5
Throwing       | 2 |  2.0
Dodging        | 1 |  1.2
Shields        | |  3.2

Action                   |  1- 3 |  4- 6 |  7- 9 || total
-------------------------+-------+-------+-------++-------
Melee: War axe           |    76 |    91 |   205 ||   372
       Unarmed           |       |       |     5 ||     5
Throw: Boomerang         |    38 |    18 |    21 ||    77
  Use: Scroll            |     7 |     6 |     9 ||    22
       Potion            |     5 |       |     2 ||     7
Armor: Scale mail        |    44 |       |       ||    44
       Chain mail        |     2 |    10 |       ||    12
       Crystal plate arm |       |    86 |   198 ||   284
       Skin              |       |       |     1 ||     1
Dodge: Dodged            |    29 |    13 |    45 ||    87
Block: Buckler           |    16 |    18 |    44 ||    78

Table legend:
 A = Non-vault XP
 B = Vault XP
 C = Vault XP percentage of total XP
 D = Non-vault monster count
 E = Vault monster count
 F = Vault count percentage of total count
                 A         B        C        D         E       F
            +---------+---------+-------+---------+---------+-------
      Total |    1832 |     966 |  34.5 |      80 |      17 |  17.5
            +---------+---------+-------+---------+---------+-------
        D:1 |      49 |       0 |   0.0 |      25 |       0 |   0.0
        D:2 |       7 |       6 |  46.2 |       4 |       4 |  50.0
        D:3 |       7 |       0 |   0.0 |       4 |       0 |   0.0
        D:4 |     128 |       0 |   0.0 |       8 |       0 |   0.0
        D:5 |     894 |     729 |  44.9 |      21 |      12 |  36.4
        D:6 |     577 |     231 |  28.6 |      10 |       1 |   9.1
        D:7 |     170 |       0 |   0.0 |       8 |       0 |   0.0
            +---------+---------+-------+---------+---------+-------
